 Dungeon Crawl Stone Soup version 0.28.0-45-g0d030f2227 (webtiles) character file.

Game seed: 3133205332389867469

50 Icepheonix32 the Skirmisher (level 3, 0/29 HPs)
             Began as a Demonspawn Fighter on Apr 16, 2022.
             Slain by an adder (3 damage)
             ... on level 2 of the Dungeon.
             The game lasted 00:02:44 (1977 turns).

Icepheonix32 the Skirmisher (Demonspawn Fighter)    Turns: 1977, Time: 00:02:44

Health: 0/29       AC:  7    Str: 18    XL:     3   Next: 55%
Magic:  3/3        EV:  9    Int:  9    God:
Gold:   56         SH:  4    Dex: 12    Spells: 2/2 levels left

rFire   . . .      SeeInvis .   a - +0 war axe
rCold   . . .      Faith    .   c - +0 buckler
rNeg    . . .      Spirit   .   b - +1 scale mail
rPois   .          Reflect  .   (no helmet)
rElec   .          Harm     .   (no cloak)
rCorr   .          Rampage  .   (no gloves)
Will    .....                   (no boots)
Stlth   ..........              (no amulet)
HPRegen 0.09/turn               (no ring)
MPRegen 0.08/turn               (no ring)

@: lethally poisoned (0 -> -9)
A: claws 1
a: no special abilities


You were on level 2 of the Dungeon.
You visited 1 branch of the dungeon, and saw 2 of its levels.

You collected 56 gold pieces.

Inventory:

Hand Weapons
 a - a +0 war axe (weapon)
 i - a +0 short sword of speed
Missiles
 k - 4 javelins (quivered)
Armour
 b - a +1 scale mail (worn)
 c - a +0 buckler (worn)
Jewellery
 f - a ring of magical power
 h - a +4 ring of evasion
Scrolls
 g - a scroll of summoning {unknown}
 l - a scroll of vulnerability {unknown}
 n - a scroll of fog {unknown}
 o - 2 scrolls of fear {unknown}
Potions
 d - a potion of might
 e - a potion of attraction
 j - a potion of degeneration {unknown}
 m - a potion of experience {unknown}


   Skills:
 + Level 3.4 Fighting
 - Level 1.8 Axes
 + Level 3.2 Armour
 + Level 0.2 Dodging
 + Level 3.0 Shields
 * Level 0.9 Unarmed Combat


You had 2 spell levels left.
You didn't know any spells.
Your spell library was empty.

Dungeon Overview and Level Annotations

Branches:
Dungeon (2/15)

Altars:
The Shining One


Innate Abilities, Weirdness & Mutations

You have sharp fingernails.


Message History

The adder bites you but does no damage. The adder bites you.
You barely miss the adder.
The adder is severely wounded.
The adder bites you but does no damage.
You hit the adder but do no damage.
The adder is severely wounded.
The adder bites you. You block the adder's attack.
You closely miss the adder.
The adder is severely wounded.
The adder closely misses you. The adder bites you.
You are poisoned.
The adder poisons you!
You closely miss the adder.
The adder is severely wounded.
You feel sick. The adder completely misses you.
The adder bites you but does no damage.
You barely miss the adder.
The adder is severely wounded.
You feel sick. The adder barely misses you.
The adder bites you but does no damage.
You are too injured to fight recklessly!
You are too injured to fight recklessly!
An adder is nearby!
An adder is nearby!
Unknown command.
You feel sick. You block the adder's attack. The adder bites you.
You are more poisoned.
The adder poisons you!
You closely miss the adder.
The adder is severely wounded.
You feel sick. The adder bites you.
* * * LOW HITPOINT WARNING * * *
You are lethally poisoned!
The adder poisons you!
You barely miss the adder.
The adder is severely wounded.
* * * LOW HITPOINT WARNING * * *
You feel very sick. You block the adder's attack. The adder bites you.
You die...

#.........†.........#
#.#################.#
#..........# #.# #..........#
##.# #..........# #..#
#..........# ##..#####
#..........####.#....†...
###.####..........#.######.
#..÷# #..@.......#.######.
###.# #..S.......#........
####.####..........#########
#.......'>.........
##+##.####..........
#......<##..........
#.......#'.........#
#.......##.........#
#....########################


You could see an adder.

Vanquished Creatures
  An adder (D:2)
  3 endoplasms (D:2)
  4 giant cockroaches
  4 goblins
  4 hobgoblins
  A quokka (D:1)
  4 ball pythons (D:1)
  7 bats
  3 frilled lizards
  2 kobolds (D:1)
  6 rats
39 creatures vanquished.

Notes
Turn   | Place    | Note
-------+----------+-------------------------------------------
     0 | D:1      | Icepheonix32 the Demonspawn Fighter began the quest for the
                  | Orb.
     0 | D:1      | Reached XP level 1. HP: 18/18 MP: 1/1
   412 | D:1      | Gained mutation: You have sharp fingernails. [demonic
                  | ancestry]
   412 | D:1      | Reached XP level 2. HP: 21/24 MP: 2/2
  1295 | D:2      | Reached XP level 3. HP: 29/29 MP: 3/3
  1977 | D:2      | Slain by an adder

Illustrated notes

Levels and vault maps discovered:
D:1:      dpeg_cavernosity, layout_loops_ring
D:2:      layout_basic, basic_altar, kennysheep_decorative_pillar, minivault_24,
          patterned_corridor

Skill      XL: |  1  2  3 |
---------------+----------+-----
Armour         | 3 |  3.2
Shields        | 3 |  3.0
Fighting       | |  3.4
Axes           | |  1.8
Dodging        | |  0.2
Unarmed Combat | |  0.9

Action                   || total
-------------------------++-------
Melee: War axe           ||   131
  Use: Scroll            ||     2
Armor: Scale mail        ||    76
Dodge: Dodged            ||    66
Block: Buckler           ||    41
